 Dungeon Crawl Stone Soup version 0.23-a0-681-g26ad783 (webtiles) character file.

476 Lilu the Ducker (level 6, 0/38 HPs)
             Began as a Deep Elf Gladiator on Jan 10, 2019.
             Slain by an ogre
             ... wielding a +0 giant spiked club
              (10 damage)
             ... on level 4 of the Dungeon.
             The game lasted 00:17:20 (6335 turns).

Lilu the Ducker (Deep Elf Gladiator)                Turns: 6335, Time: 00:17:21

Health: 0/38       AC:  7    Str: 13    XL:     6   Next: 85%
Magic:  8/8        EV: 12    Int: 13    God:
Gold:   234        SH:  0    Dex: 16    Spells: 5/5 levels left

rFire    + . .     SeeInvis .   a - +0 quarterstaff
rCold    x . .     Gourm    .   (shield currently unavailable)
rNeg     . . .     Faith    .   v - +0 scale mail
rPois    +         Spirit   .   c - +0 helmet
rElec    .         Reflect  .   (no cloak)
rCorr    .         Harm     .   (no gloves)
MR       .....                  (no boots)
Stlth    ..........             r - amulet of magic regeneration
HPRegen  0.12/turn              m - ring of poison resistance
MPRegen  0.36/turn              q - ring of fire

@: no status effects
A: no striking features
a: no special abilities


You were on level 4 of the Dungeon.
You were near starving.

You visited 1 branch of the dungeon, and saw 5 of its levels.

You collected 234 gold pieces.

Inventory:

Hand Weapons
 a - a +0 quarterstaff (weapon)
Missiles
 d - 4 throwing nets (quivered)
 h - 159 stones
Armour
 c - a +0 helmet (worn)
 i - a +0 leather armour of poison resistance
 v - a +0 scale mail (worn)
Jewellery
 m - a ring of poison resistance (left hand)
 q - a ring of fire (right hand)
 r - an amulet of magic regeneration (around neck)
Scrolls
 e - a scroll of magic mapping {unknown}
 g - 4 scrolls of remove curse
 j - 4 scrolls of identify
 k - a scroll of enchant armour {unknown}
 l - 2 scrolls of immolation {unknown}
 n - a scroll of fear {unknown}
 s - a scroll of fog {unknown}
Potions
 b - 2 potions of curing
 o - a potion of might
 p - 2 potions of brilliance
 t - a potion of berserk rage {unknown}
 u - a potion of heal wounds {unknown}
 x - a potion of mutation {unknown}
Comestibles
 f - 8 rations


   Skills:
 + Level 3.7 Fighting
 + Level 5.1 Staves
 - Level 2.0 Throwing
 + Level 6.1 Dodging


You had 5 spell levels left.
You didn't know any spells.
Your spell library was empty.

Dungeon Overview and Level Annotations

Branches:
Dungeon (5/15)
 Temple: D:4-7

Altars:
Nemelex Xobeh
Ru
The Shining One

Annotations:
D:4 3 runed doors, Lanoc's ghost, amateur MiCK


Message History

* * * LOW HITPOINT WARNING * * *
You miss the adder. The adder closely misses you. The adder bites you.
* * * LOW HITPOINT WARNING * * *
You closely miss the adder. The adder closely misses you.
You closely miss the adder. The adder bites you but does no damage.
You hit the adder.
The adder is moderately wounded.
The adder bites you.
* * * LOW HITPOINT WARNING * * *
The adder misses you.
You hit the adder.
The adder is severely wounded.
The adder barely misses you.
You hit the adder but do no damage.
The adder is severely wounded.
The adder bites you but does no damage.
You sock the adder!
You kill the adder!
The ogre hits you with a +0 giant spiked club!
You die...

#[# #.# #..#
#.# #.# #..#
####
#.###.###..#
...#
#..........#
...#
#####.###.##
...# #.# #.#
#.## #.# #.#
#O# #.###.##
#.# #.O@...#
#.# #####..#
#.### ###..#
#...# #..>.#
#...# #.##.#
#...#
#.##.####
##.##
#.##....#
#.#
#.#####.#
#.# #.# #.#


You could see an ogre.

Vanquished Creatures
  A phantom (D:4)
  An ogre (D:5)
  A scorpion (D:4)
  A bullfrog skeleton (D:4)
  An orc wizard (D:3)
  A worker ant (D:4)
  A hound zombie (D:4)
  4 gnolls (D:3)
  2 adders (D:4)
  3 worms
  3 leopard geckos
  14 orcs
  4 giant cockroaches
  10 goblins
  2 hobgoblins
  13 jackals
  A quokka (D:2)
  2 ball pythons (D:3)
  5 bats
  2 frilled lizards
  5 kobolds
  5 rats
82 creatures vanquished.

Vanquished Creatures (others)
  4 toadstools (D:5)
4 creatures vanquished.

Grand Total: 86 creatures vanquished

Notes
Turn   | Place    | Note
-------+----------+-------------------------------------------
     0 | D:1      | Lilu the Deep Elf Gladiator began the quest for the Orb.
     0 | D:1      | Reached XP level 1. HP: 12/12 MP: 3/3
   441 | D:1      | Reached XP level 2. HP: 9/17 MP: 4/4
   648 | D:1      | Reached skill level 4 in Dodging
  1137 | D:2      | Reached XP level 3. HP: 18/21 MP: 5/5
  1174 | D:2      | Found a sacrificial altar of Ru.
  1175 | D:2      | Found a sparkling altar of Nemelex Xobeh.
  1175 | D:2      | Found a glowing golden altar of the Shining One.
  2919 | D:3      | Reached XP level 4. HP: 27/27 MP: 6/6
  3519 | D:3      | Reached skill level 5 in Dodging
  3519 | D:3      | Reached XP level 5. HP: 6/32 MP: 7/7
  4951 | D:4      | Noticed a phantom
  4990 | D:4      | Reached XP level 6. HP: 28/37 MP: 8/8
  5088 | D:4      | Found a runed gate.
  5090 | D:4      | Found a runed gate.
  5091 | D:4      | Found a runed gate.
  5097 | D:4      | Noticed Lanoc's ghost (amateur MiCK)
  5750 | D:5      | Entered Level 5 of the Dungeon
  5836 | D:4      | HP: 1/37 [ogre/+0 giant spiked club (6)]
  6270 | D:5      | Reached skill level 5 in Staves
  6270 | D:5      | Reached skill level 6 in Dodging
  6309 | D:4      | HP: 1/38 [adder (4)]
  6335 | D:4      | Slain by an ogre

Vault maps used:
D:1:      lightli_arrival_isolated_outpost
D:2:      gammafunk_temple_overflow_claw
D:3:      first_ration, kennysheep_generic_room_4
D:4:      gammafunk_ghost_necromancy, supply_closet_lemuel
D:5:      lemuel_doored_altar, old_standard_altar, serial_shops, shop,
          grunt_ministairs_2, minmay_gold_behind_fungi

Skill      XL: |  1  2  3  4  5  6 |
---------------+-------------------+-----
Dodging        | 4 5 6 |  6.1
Fighting       | 2 3 |  3.7
Staves         | 4 5 |  5.1
Throwing       | |  2.0

Action                   |  1- 3 |  4- 6 || total
-------------------------+-------+-------++-------
Melee: Quarterstaff      |   144 |   167 ||   311
  Use: Scroll            |       |     4 ||     4
       Potion            |       |     1 ||     1
 Stab: Sleeping          |     4 |       ||     4
  Eat: Chunk             |     6 |     6 ||    12
       Ration            |       |     1 ||     1
Armor: Leather armour    |    47 |    14 ||    61
       Scale mail        |       |    26 ||    26
Dodge: Dodged            |   112 |    95 ||   207

Table legend:
 A = Non-vault XP
 B = Vault XP
 C = Vault XP percentage of total XP
 D = Non-vault monster count
 E = Vault monster count
 F = Vault count percentage of total count
                 A         B        C        D         E       F
            +---------+---------+-------+---------+---------+-------
      Total |     667 |      14 |   2.1 |      81 |       1 |   1.2
            +---------+---------+-------+---------+---------+-------
        D:1 |      24 |       0 |   0.0 |      14 |       0 |   0.0
        D:2 |      45 |       0 |   0.0 |      23 |       0 |   0.0
        D:3 |     157 |       0 |   0.0 |      28 |       0 |   0.0
        D:4 |     323 |      14 |   4.2 |      15 |       1 |   6.2
        D:5 |     118 |       0 |   0.0 |       1 |       0 |   0.0
            +---------+---------+-------+---------+---------+-------
